 Dungeon Crawl Stone Soup version 0.27-a0-909-g0721f309d1 (webtiles) character file.

Game seed: 4724182969777176706

70 DarkShadow the Skirmisher (level 4, -1/41 HPs)
             Began as a Minotaur Fighter on Apr 8, 2021.
             Killed from afar by Sigmund (6 damage)
             ... with a magic dart
             ... on level 2 of the Dungeon.
             The game lasted 00:04:07 (1842 turns).

DarkShadow the Skirmisher (Minotaur Fighter)        Turns: 1842, Time: 00:04:08

Health: -1/41      AC:  7    Str: 21    XL:     4   Next: 3%
Magic:  3/3        EV: 17    Int:  5    God:
Gold:   108        SH:  0    Dex: 10    Spells: 3/3 levels left

rFire    + + .     SeeInvis .   (weapon currently unavailable)
rCold    + + .     Faith    .   (shield currently unavailable)
rNeg     + + +     Spirit   .   (armour currently unavailable)
rPois    ∞         Reflect  .   (helmet currently unavailable)
rElec    +         Harm     .   (cloak currently unavailable)
rCorr    +         Rampage  .   (gloves currently unavailable)
Will     .....                  (boots currently unavailable)
Stlth    +.........             (amulet currently unavailable)
HPRegen  0.13/turn              (ring currently unavailable)
MPRegen  0.08/turn              (ring currently unavailable)

@: confused, wisp-form (expiring), flying, quick
A: insubstial, wisp movement, fast, flying, no casting, tiny, (horns 2),
(retaliatory headbutt)
a: no special abilities


You were on level 2 of the Dungeon.
You were an insubstantial wisp.
You visited 1 branch of the dungeon, and saw 2 of its levels.

You collected 108 gold pieces.

Inventory:

Hand Weapons
 a - a +0 war axe (melded)
Armour
 b - a +0 scale mail
 c - a +0 kite shield (melded)
 e - a +0 chain mail (melded)
Scrolls
 f - a scroll of brand weapon {unknown}
 g - 2 scrolls of vulnerability {unknown}
 h - 3 scrolls of identify {unknown}
 k - a scroll of noise {unknown}
Potions
 d - a potion of might
 i - a potion of flight {unknown}
 j - 3 potions of curing {unknown}


   Skills:
 + Level 4.4 Fighting
 + Level 3.0 Axes
 + Level 4.3 Armour
 + Level 0.2 Dodging
 + Level 4.3 Shields


You had 3 spell levels left.
You didn't know any spells.
Your spell library was empty.

Dungeon Overview and Level Annotations

Branches:
Dungeon (2/15)

Altars:

Annotations:
D:2 Sigmund


Innate Abilities, Weirdness & Mutations

You are an insubstantial wisp.
Your tiny insubstantial body is highly resistant to most damage types.
You do not have full control over your movement and may randomly blink.
You move quickly.
You are flying.
Your equipment is entirely melded.
You are incapable of wielding weapons or throwing items.
You cannot cast spells.
((You have a pair of horns on your head.))
((You reflexively headbutt those who attack you in melee.))


Message History

A puff of flame appears from out of thin air!
The puff of flame hits you!
You see here a +0 trident.
You hear a zap.
You turn into an insubstantial wisp.
Your +0 war axe melds into your body.
Your +0 kite shield melds into your body.
Your +0 chain mail melds into your body.
You see here a +0 trident.
You hear a zap.
You see here a +0 trident.
You hear a zap.
You hear some strange, mumbled words.
You are confused.
You bump into the rock wall.
You bump into the rock wall.
Something hits you.
You bump into the rock wall.
Something hits you!
You feel less confused.
You hear some strange, mumbled words.
A puff of flame appears from out of thin air!
The puff of flame hits you. You resist.
You barely miss something.
You hear some strange, mumbled words.
You are confused.
You bump into the rock wall.
Your transformation is almost over.
You hear a zap.
Something tries to affect you, but you resist.
The now-empty wand crumbles to dust.
You closely miss something. Something hits you!
* * * LOW HITPOINT WARNING * * *
x2 You bump into the rock wall.
You hear some strange, mumbled words.
You are more confused.
You touch something!
Something hits you but does no damage.
You closely miss something.
You hear some strange, mumbled words.
A magic dart appears from out of thin air!
The magic dart hits you.
You die...

..... ## ...... ..
### ....# .# ....
## ...##.
.....###. ....#
.........
#.#.##..##.....
#.......##.###.
####..............
#v{.)..........#..
#.####.........#.#
#.###..........#.#
#.##..#........#.#
#.##...........#.#
#.................
####.############.
###.### ########.
#...^.# #.....##.


There were no monsters in sight!

Vanquished Creatures
  Robin (D:2)
  An adder (D:2)
  A worm (D:2)
  A ball python (D:2)
  2 endoplasms (D:2)
  A giant cockroach (D:2)
  8 goblins (D:2)
  8 hobgoblins
  5 jackals (D:1)
  3 kobolds
  3 quokkas
  2 bats (D:2)
  2 frilled lizards (D:1)
  3 rats
41 creatures vanquished.

Notes
Turn   | Place    | Note
-------+----------+-------------------------------------------
     0 | D:1      | DarkShadow the Minotaur Fighter began the quest for the
                  | Orb.
     0 | D:1      | Reached XP level 1. HP: 19/19 MP: 0/0
    41 | D:1      | Found a faded altar of an unknown god.
   318 | D:1      | Reached XP level 2. HP: 23/27 MP: 1/1
  1127 | D:2      | Reached XP level 3. HP: 24/33 MP: 2/2
  1280 | D:2      | Noticed Robin
  1289 | D:2      | Killed Robin
  1729 | D:2      | Reached XP level 4. HP: 41/41 MP: 3/3
  1814 | D:2      | Noticed Sigmund
  1842 | D:2      | Killed from afar by Sigmund

Illustrated notes

Levels and vault maps discovered:
D:1:      minmay_arrival_up_and_down, layout_loops_ring,
          ebering_ecumenical_altar_sacrificial,
          wander_ebering_terrifying_dragon_lair
D:2:      minmay_alternating_diamond, layout_loops_cross, uniq_robin,
          uniq_sigmund

Skill      XL: |  1  2  3 |
---------------+----------+-----
Armour         | 4 |  4.3
Fighting       | 4 |  4.4
Shields        | 4 |  4.3
Axes           | 3 |  3.0
Dodging        | |  0.2

Action                   |  1- 3 |  4- 6 || total
-------------------------+-------+-------++-------
Melee: War axe           |    71 |     8 ||    79
       Headbutt          |     6 |       ||     6
       Unarmed           |       |     4 ||     4
Armor: Scale mail        |    14 |       ||    14
       Chain mail        |    46 |     4 ||    50
       Skin              |       |     1 ||     1
Dodge: Dodged            |    27 |     3 ||    30
Block: Kite shield       |    50 |     7 ||    57

Table legend: (Time is in decaauts)
 A = Elapsed time spent in this place.
 B = Non-inter-level travel time spent in this place.
 C = Inter-level travel time spent in this place.
 D = Time resting spent in this place.
 E = Time spent auto-exploring this place.
 F = Levels seen in this place.
 G = Mean time per level.
                   A        B        C        D        E       F      G
               +--------+--------+--------+--------+--------+-----+--------+
         Total |   1885 |   1885 |      0 |    220 |   1298 |   2 |  942.5 |
       Dungeon |   1885 |   1885 |      0 |    220 |   1298 |   2 |  942.5 |
               +--------+--------+--------+--------+--------+-----+--------+

Top non-repeatable levels by time:
     D:1: 990 daAuts
     D:2: 895 daAuts
